 Dungeon Crawl Stone Soup version 0.23-a0-398-g8eab93f (webtiles) character file.

11 RoseArtemis the Sneak (level 2, -3/13 HPs)
             Began as a Spriggan Enchanter on Nov 3, 2018.
             Slain by a kobold
             ... wielding a +0 whip
              (8 damage)
             ... on level 1 of the Dungeon.
             The game lasted 00:02:07 (508 turns).

RoseArtemis the Sneak (Spriggan Enchanter)           Turns: 508, Time: 00:02:07

Health: -3/13      AC:  2    Str:  4    XL:     2   Next: 13%
Magic:  5/6        EV: 18    Int: 16    God:
Gold:   23         SH:  0    Dex: 16    Spells: 5/6 levels left

rFire    . . .     SeeInvis +   a - +1 dagger
rCold    . . .     Gourm    .   (shield restricted)
rNeg     . . .     Faith    .   b - +0 robe
rPois    .         Spirit   .   (helmet restricted)
rElec    .         Reflect  .   (no cloak)
rCorr    .         Harm     .   (gloves unavailable)
MR       .....                  (boots unavailable)
Stlth    +++.......             (no amulet)
HPRegen  0.04/turn              (no ring)
MPRegen  0.10/turn              (no ring)

@: very quick
A: very small, unfitting armour, see invisible, herbivore, speed 3, slow
metabolism 2
a: no special abilities


You were on level 1 of the Dungeon.
You were not hungry.

You visited 1 branch of the dungeon, and saw 2 of its levels.

You collected 23 gold pieces.

Inventory:

Hand Weapons
 a - a +1 dagger (weapon)
Armour
 b - a +0 robe (worn)
Jewellery
 f - an uncursed amulet of rage {unknown}
Scrolls
 e - a scroll of identify {unknown}
 g - a scroll of remove curse {unknown}
Potions
 c - a potion of curing {unknown}
Comestibles
 d - 2 rations


   Skills:
 + Level 1.4 Short Blades
 + Level 3.2 Dodging
 - Level 4.4 Stealth
 + Level 2.9 Spellcasting
 * Level 4.0 Hexes


You had 5 spell levels left.
You knew the following spells:

 Your Spells              Type           Power        Failure   Level  Hunger
a - Corona                Hex            ###....      3%          1    #......

Your spell library contained the following spells:

 Spells                   Type           Power        Failure   Level  Hunger
 Confuse                  Hex            ###.....     11%         3    ###....
 Tukima's Dance           Hex            ###.....     11%         3    ###....
 Ensorcelled Hibernation  Hex/Ice        #.....       13%         2    ##.....
 Dazzling Spray           Conj/Hex       #.....       26%         3    ###....


Dungeon Overview and Level Annotations

Branches:
Dungeon (2/15)

Altars:


Innate Abilities, Weirdness & Mutations

You are very small and have problems with some larger weapons.
You are too small for most types of armour.
You have supernaturally acute eyesight. (SInv)
You are a herbivore.
You cover ground extremely quickly.
You need to consume almost no food.


Message History

You kill the bat!
You start resting.
The kobold is too close now for your liking.
There's nothing to open nearby.
You can't see any susceptible monsters within range! (Use Z to cast anyway.)
Aim: a kobold, wielding a +0 whip (chance to defeat MR: 69%)
Your line of fire to the kobold is blocked by a plant.
Continue anyway?
Okay, then.
Aim: a kobold, wielding a +0 whip (chance to defeat MR: 69%)
The kobold is outlined in light.
You barely miss the kobold. You hit the kobold.
The kobold hits you with a +0 whip!
Ouch! That really hurt!
* * * LOW HITPOINT WARNING * * *
You hit the kobold but do no damage. The kobold hits you with a +0 whip.
* * * LOW HITPOINT WARNING * * *
You closely miss the kobold. The kobold barely misses you.
You hit the kobold but do no damage. The kobold hits you with a +0 whip!
Ouch! That really hurt!
You die...

#. #<........### #.# #r
########### #.# # #. ...#
#.# .. ##..# #.# ...# #.#
#..# #.# #..# #.#
###.##..##############.#
(......@..............#.
.####.###.K≈P≈.#####.....#
......†...P≈PP≈≈# #.#####
.####.####P≈PPPPP≈##.# #
#≈≈≈≈♣≈P.P≈.#
##P≈P≈≈≈♣PPPP #..PPP≈≈♣≈≈(
##...≈PPP♣≈≈ ##.##


You could see a kobold.

Vanquished Creatures
  4 bats (D:1)
  A goblin (D:1)
  2 kobolds (D:1)
  3 frilled lizards (D:1)
  A rat (D:1)
11 creatures vanquished.

Notes
Turn   | Place    | Note
-------+----------+-------------------------------------------
     0 | D:1      | RoseArtemis the Spriggan Enchanter began the quest for the
                  | Orb.
     0 | D:1      | Reached XP level 1. HP: 9/9 MP: 5/5
     7 | D:1      | Noticed a killer bee
     7 | D:1      | Noticed an anaconda
     7 | D:1      | Noticed a hound
     7 | D:1      | Noticed a lindwurm
     7 | D:1      | Noticed a polar bear
   242 | D:1      | Reached XP level 2. HP: 9/13 MP: 4/6
   508 | D:1      | Slain by a kobold

Vault maps used:
D:1:      onia_arrival_zoo_common, serial_bayou_lagoon_a
D:2:      first_ration

Skill      XL: |  1  2 |
---------------+-------+-----
Hexes          | 4 |  4.0
Short Blades   | |  1.4
Dodging        | |  3.2
Stealth        | |  4.4
Spellcasting   | |  2.9

Action                   || total
-------------------------++-------
Melee: Dagger            ||    41
 Cast: Corona            ||     6
 Stab: Sleeping          ||     1
Armor: Robe              ||    17
Dodge: Dodged            ||    82

Table legend:
 A = Non-vault XP
 B = Vault XP
 C = Vault XP percentage of total XP
 D = Non-vault monster count
 E = Vault monster count
 F = Vault count percentage of total count
                 A         B        C        D         E       F
            +---------+---------+-------+---------+---------+-------
      Total |      16 |       0 |   0.0 |      11 |       0 |   0.0
            +---------+---------+-------+---------+---------+-------
        D:1 |      16 |       0 |   0.0 |      11 |       0 |   0.0
            +---------+---------+-------+---------+---------+-------
